 Dungeon Crawl Stone Soup version 0.15-a0-1656-gb4d1502 (webtiles) character file.

116 Nikss the Ruinous (level 4, 0/33 HPs)
             Began as a Draconian Conjurer on June 23, 2014.
             Slain by Borgoz's ghost (8 damage)
             ... on Level 3 of the Dungeon.
             The game lasted 00:27:55 (2716 turns).

Nikss the Ruinous (Draconian Conjurer)              Turns: 2716, Time: 00:27:55

HP   0/33        AC  5     Str 11      XL: 4   Next: 69%
MP   1/7         EV 12     Int 16      God:
Gold 118         SH  0     Dex  8 (11) Spells:  1 memorised,  6 levels left

rFire  . . .     SeeInvis .     d - +2 dagger
rCold  . . .     Clarity  .     (armour unavailable)
rNeg   . . .     rCorr    .     (no shield)
rPois  .         rRot     .     (helmet restricted)
rElec  .         Spirit   .     (no cloak)
SustAb .         Warding  .     (no gloves)
rMut   .         Stasis   .     (no boots)
Gourm  .                        (no amulet)
MR     .....                    (no ring)
                                (no ring)

@: not resistant to hostile enchantments, unstealthy
A: unfitting armour, cold-blooded, AC +5
a: no special abilities


You were on level 3 of the Dungeon.
You were hungry.

You visited 1 branch of the dungeon, and saw 3 of its levels.

You collected 118 gold pieces.

Inventory:

Hand weapons
 a - a +0 short sword
 d - a +2 dagger (weapon)
 e - a +2 sling
 f - a +0 dagger
 h - a +0 club
 l - a +0 sling
 n - a +0 dagger
 r - a +1 short sword
 s - a +0 short sword
 t - a +0 short sword of flaming
 u - a +0 hand axe
 v - a +0 club
 B - a +1 dagger
 C - a -2 spear
 H - a +0 dagger
 I - a +0 short sword
Missiles
 o - 7 poisoned needles
 x - 19 arrows
 D - 23 stones (quivered)
Armour
 m - a +1 robe
 q - a +0 ring mail
 A - a +0 ring mail
Comestibles
 b - 4 bread rations
 i - a beef jerky
 p - a slice of pizza
 z - 3 fruits
Scrolls
 j - 2 scrolls of immolation
 w - a scroll of blinking
 F - 2 scrolls of identify
 G - a scroll of fog
Potions
 g - a potion of restore abilities {unknown}
Books
 c - a book of Conjurations

   Spells                             Type                      Level
   *Magic Dart                        Conjuration                  1
   Searing Ray                        Conjuration                  2
   Dazzling Spray                     Conjuration/Hexes            3
   Fulminant Prism                    Conjuration/Hexes            4
   Iskenderun's Mystic Blast          Conjuration                  4
   Iskenderun's Battlesphere          Conjuration/Charms           5


   Skills:
 + Level 0.2 Fighting
 + Level 0.4 Short Blades
 + Level 2.7 Dodging
 + Level 2.3 Stealth
 + Level 2.2 Spellcasting
 + Level 5.1 Conjurations


You had 6 spell levels left.
You knew the following spells:

 Your Spells              Type           Power        Failure   Level  Hunger
a - Magic Dart            Conj           ###.         2%          1    #......


Dungeon Overview and Level Annotations

Branches:
Dungeon (3/15)

Altars:

Annotations:
D:3 Borgoz's ghost, average OgDK


Innate Abilities, Weirdness & Mutations

Your plain brown scales are hard (AC +5).
Your body does not fit into most forms of armour.
Your cold-blooded metabolism reacts poorly to cold.


Message History

Borgoz's ghost closely misses you.
Casting: Magic Dart
Confirm with . or Enter, or press ? or * to list all spells.
Aiming: Magic Dart
Press: ? - help, Shift-Dir - straight line, f/p - Borgoz's ghost
Aim: Borgoz's ghost (lightly damaged)
The magic dart hits Borgoz's ghost.
Borgoz's ghost is moderately damaged.
Borgoz's ghost hits you.
Casting: Magic Dart
Confirm with . or Enter, or press ? or * to list all spells.
Aiming: Magic Dart
Press: ? - help, Shift-Dir - straight line, f/p - Borgoz's ghost
Aim: Borgoz's ghost (moderately damaged)
The magic dart hits Borgoz's ghost.
Borgoz's ghost is moderately damaged.
Borgoz's ghost hits you!
* * * LOW HITPOINT WARNING * * *
Borgoz's ghost hits you!
You die...

#.... #.... ..
##...###..#
#..........
+........#
#........# .
#........#...
#####...........>.
#@##........[....#
#W##...........#..
#.##.########....
#....# .##
#####.......#
.#..... .# ###. .#
##


You could see Borgoz's ghost.

Vanquished Creatures
  Ijyb (D:2)
  4 adders (D:2)
  2 worms (D:2)
  2 oozes
  An orc (D:3)
  2 ball pythons
  6 bats
  4 giant cockroaches
  8 goblins
  4 hobgoblins
  A quokka (D:2)
  A giant newt (D:1)
  4 kobolds
  6 rats
46 creatures vanquished.

Notes
Turn   | Place    | Note
--------------------------------------------------------------
     0 | D:1      | Nikss, the Draconian Conjurer, began the quest for the Orb.
     0 | D:1      | Reached XP level 1. HP: 14/14 MP: 3/3
   506 | D:1      | Reached XP level 2. HP: 20/20 MP: 2/4
  1247 | D:2      | Noticed Ijyb
  1265 | D:2      | Killed Ijyb
  1265 | D:2      | Reached XP level 3. HP: 20/26 MP: 1/6
  1791 | D:2      | Reached XP level 4. HP: 17/33 MP: 1/7
  2080 | D:2      | Reached skill level 5 in Conjurations
  2697 | D:3      | Noticed Borgoz's ghost (average OgDK)
  2716 | D:3      | Slain by Borgoz's ghost

Action                   |  1- 3 |  4- 6 || total
-------------------------+-------+-------++-------
Melee: Unarmed           |     4 |       ||     4
       Dagger            |    36 |    23 ||    59
 Cast: Magic Dart        |    59 |    44 ||   103
  Use: Scroll            |     5 |     4 ||     9
       Potion            |       |     9 ||     9
